 Dungeon Crawl Stone Soup version 0.25-a0-167-g836c352ace (webtiles) character file.

Game seed: 18274853120674385712, levelgen mode: deterministic

1 vurker the Grave Robber (level 1, -2/13 HPs)
             Began as a Demonspawn Necromancer on Nov 25, 2019.
             Slain by a hobgoblin (3 damage)
             ... on level 1 of the Dungeon.
             The game lasted 00:00:14 (35 turns).

vurker the Grave Robber (Demonspawn Necromancer)      Turns: 35, Time: 00:00:15

Health: -2/13      AC:  2    Str:  8    XL:     1   Next: 16%
Magic:  0/3        EV: 12    Int: 16    God:
Gold:   0          SH:  0    Dex: 13    Spells: 2/4 levels left

rFire    . . .     SeeInvis .   (no weapon)
rCold    . . .     Gourm    .   (no shield)
rNeg     . . .     Faith    .   a - +0 robe
rPois    .         Spirit   .   (no helmet)
rElec    .         Reflect  .   (no cloak)
rCorr    .         Harm     .   (no gloves)
MR       .....                  (no boots)
Stlth    ++........             (no amulet)
HPRegen  0.04/turn              (no ring)
MPRegen  0.08/turn              (no ring)

@: no status effects
A: no striking features
a: no special abilities


You were on level 1 of the Dungeon.
You were not hungry.

You visited 1 branch of the dungeon, and saw 1 of its levels.

Inventory:

Armour
 a - a +0 robe (worn)
Comestibles
 e - 2 rations


   Skills:
 + Level 0.0 Fighting
 - Level 1.7 Dodging
 - Level 1.7 Stealth
 * Level 2.0 Spellcasting
 * Level 4.4 Necromancy


You had 2 spell levels left.
You knew the following spells:

 Your Spells              Type           Power        Failure   Level  Hunger
a - Pain                  Necr           ###.         3%          1    #......
b - Animate Skeleton      Necr           N/A          3%          1    #......

Your spell library contained the following spells:

 Spells                   Type           Power        Failure   Level  Hunger
 Vampiric Draining        Necr           ###.......   10%         3    ###....
 Regeneration             Chrm/Necr      #.........   26%         3    ###....
 Animate Dead             Necr           N/A          32%         4    #####..


Dungeon Overview and Level Annotations

Branches:
Dungeon (1/15)

Altars:


Message History

e - a ration Welcome, vurker the Demonspawn Necromancer.
Will you be the one to retrieve the fabulous Orb of Zot from the depths?
Found a staircase leading out of the dungeon.
Memorise Animate Skeleton, consuming 1 spell level and leaving 2?
You start memorising the spell.
You continue memorising.
You finish memorising.
Spell assigned to 'b'.
You open the door.
There is an open door here.
You open the door.
There is an open door here.
Found 15 arrows.
Found a ration.
e - 2 rations (gained 1)
Found a ration.
Found 14 gold pieces.
A leopard gecko comes into view.
A leopard gecko is nearby!
A giant cockroach comes into view.
A hobgoblin comes into view.
The hobgoblin shouts!
You can't see any susceptible monsters within range! (Use Z to cast anyway.)
You can't see any susceptible monsters within range! (Use Z to cast anyway.)
Aim: a hobgoblin (chance to defeat MR: 85%)
The hobgoblin writhes in agony.
The leopard gecko hisses angrily.
Aim: a hobgoblin (severely wounded, chance to defeat MR: 85%)
The hobgoblin barely resists.
Aim: a hobgoblin (severely wounded, chance to defeat MR: 85%)
The giant cockroach writhes in agony.
You don't have enough magic to cast that spell.
You hit the giant cockroach.
The giant cockroach bites you but does no damage.
The hobgoblin barely misses you.
You closely miss the giant cockroach. The giant cockroach bites you.
The hobgoblin barely misses you.
You hit the giant cockroach.
You kill the giant cockroach!
The leopard gecko bites you.
* * * LOW HITPOINT WARNING * * *
The hobgoblin hits you.
* * * LOW HITPOINT WARNING * * *
The leopard gecko closely misses you.
You closely miss the leopard gecko. The leopard gecko misses you.
The hobgoblin hits you.
You die...

♣♣♣♣♣ # ♣♣♣...#######
.#######♣♣♣♣..........'.
......g...............#.
.......@.........#######
####..l......(.........#
#.................P..#
#♣..%....#..#..P.P.P.#
♣.......#..#.P...P.8#
♣♣......#..#..P.P.P.#
♣♣...$.#..#...P.P..#
♣♣♣...#..#..P.P...#
♣♣..####........#


You could see a leopard gecko and a hobgoblin.

Vanquished Creatures
  A giant cockroach (D:1)
1 creature vanquished.

Notes
Turn   | Place    | Note
-------+----------+-------------------------------------------
     0 | D:1      | vurker the Demonspawn Necromancer began the quest for the
                  | Orb.
     0 | D:1      | Reached XP level 1. HP: 13/13 MP: 3/3
     2 | D:1      | Learned a level 1 spell: Animate Skeleton
    35 | D:1      | Slain by a hobgoblin

Levels and vault maps discovered:
D:1:      sevenhm_arrival_forest_fort_large_4, layout_rooms,
          kennysheep_flooded_box, minmay_stone_trees_small,
          minmay_misc_feat_tiny, hangedman_decor_growths, roderic_st_hans_cross

Action                   || total
-------------------------++-------
Melee: Unarmed           ||     4
 Cast: Pain              ||     3
Armor: Robe              ||     1
Dodge: Dodged            ||     4

Table legend:
 A = Non-vault XP
 B = Vault XP
 C = Vault XP percentage of total XP
 D = Non-vault monster count
 E = Vault monster count
 F = Vault count percentage of total count
                 A         B        C        D         E       F
            +---------+---------+-------+---------+---------+-------
      Total |       2 |       0 |   0.0 |       1 |       0 |   0.0
            +---------+---------+-------+---------+---------+-------
        D:1 |       2 |       0 |   0.0 |       1 |       0 |   0.0
            +---------+---------+-------+---------+---------+-------
